 Dungeon Sprint DCSS version 0.29-a0-885-gb26ba3297d (webtiles) character file.

Game seed: 13958397677278322064

2667 mhtbhm the Basher (level 9, 0/62 HPs)
             Began as a Gargoyle Fighter on July 21, 2022.
             Was an Elder of Okawaru.
             Succumbed to barbed spike wounds
             ... in the Dungeon (Sprint IX: "|||||||||||||||||||||||||||||").
             The game lasted 00:01:24 (347 turns).

mhtbhm the Basher (Gargoyle Fighter)                 Turns: 347, Time: 00:01:25

Health: 0/62       AC: 26    Str: 25    XL:     9   Next: 63%
Magic:  10/14      EV: 11    Int:  8    God:    Okawaru [****..]
Gold:   0          SH:  6    Dex: 12    Spells: 8/8 levels left

rFire   . . .      SeeInvis .   a - +2 morningstar (protect)
rCold   . . .      Faith    .   c - +0 buckler
rNeg    + . .      Spirit   .   b - +1 scale mail
rPois   ∞          Reflect  .   (no helmet)
rElec   +          Harm     .   (no cloak)
rCorr   .          Rampage  .   m - +0 pair of gloves
Will    .....      NoTele   +   (no boots)
Stlth   +.........              (no amulet)
HPRegen 0.20/turn               n - +3 ring of dexterity
MPRegen 0.14/turn               o - +2 ring of protection

@: spiked, under a protective aura, hasted, very quick
A: sickness immunity, AC +6, negative energy resistance 1, electricity
resistance, torment resistance 1, petrification resistance
a: Renounce Religion, Heroism, Finesse


You were in the Dungeon.
You worshipped Okawaru.
Okawaru was greatly pleased with you.
You visited 1 branch

Inventory:

Hand Weapons
 a - a +2 morningstar of protection (weapon)
Armour
 b - a +1 scale mail (worn)
 c - a +0 buckler (worn)
 m - a +0 pair of gloves (worn)
Jewellery
 n - a +3 ring of dexterity (left hand)
 o - a +2 ring of protection (right hand)
Wands
 l - a wand of iceblast (5)
Scrolls
 j - 2 scrolls of blinking
 k - 2 scrolls of amnesia
Potions
 d - a potion of might
 e - 5 potions of curing
 f - a potion of invisibility
 h - 4 potions of magic


   Skills:
 + Level 10.3 Fighting
 + Level 12.2 Maces & Flails
 + Level 10.9 Armour
 + Level 4.5 Dodging
 + Level 2.1 Stealth
 + Level 10.1 Shields
 * Level 7.5 Invocations
 + Level 2.2 Evocations


You had 8 spell levels left.
You didn't know any spells.
Your spell library was empty.

Dungeon Overview and Level Annotations

Branches:
Dungeon (1/1)

Altars:
Cheibriados
Dithmenos
Elyvilon
Fedhas
Gozag
Hepliaklqana
Kikubaaqudgha
Makhleb
Nemelex Xobeh
Okawaru
Qazlal
Ru
Sif Muna
Trog
Uskayaw
Vehumet
Wu Jian
Xom
Yredelemnul
Zin
The Shining One
Jiyva
Lugonu


Innate Abilities, Weirdness & Mutations

You are immune to sickness and miasma.
Your stone body is resilient. (AC +6)
You are immune to poison.
You resist negative energy. (rN+)
You are resistant to electric shocks. (rElec)
You are resistant to unholy torment.
You are immune to petrification.


Message History

The manticore flicks its tail.
The volley of spikes hits you.
The barbed spikes become lodged in your body.
Your Fighting skill increases to level 10!
Your Maces & Flails skill increases to level 11!
Your Dodging skill increases to level 4!
Your Stealth skill increases to level 1!
Your Shields skill increases to level 10!
Your Invocations skill increases to level 6!
Your Evocations skill increases to level 2!
The barbs in your skin will harm you if you move.
Continue? [Y]es or [N]o only, please.
The barbs in your skin will harm you if you move.
Continue?
The barbed spikes dig painfully into your body as you move.
Items here: ) [ †††.
You sock the manticore!
The manticore is moderately wounded.
The manticore bites you! You block the manticore's attack.
The manticore closely misses you.
You hit the manticore.
The manticore is moderately wounded.
The manticore barely misses you. The manticore claws you!
The manticore claws you but does no damage.
You sock the manticore!
The manticore is moderately wounded.
You puncture the manticore!
The manticore is severely wounded.
The manticore bites you. The manticore claws you!
* * * LOW HITPOINT WARNING * * *
The manticore claws you but does no damage.
You bludgeon the manticore!!
You kill the manticore!
Okawaru is honoured by your kill.
Your Maces & Flails skill increases to level 12!
Your Stealth skill increases to level 2!
Your Invocations skill increases to level 7!
The barbed spikes dig painfully into your body as you move.
* * * LOW HITPOINT WARNING * * *
The barbed spikes dig painfully into your body as you move.
You die... ▓▓▓▓▓▓▓▓▓▓▓▓▓▓▓▓▓▓▓▓▓▓▓▓ ..).[[...'))).).@......+ ▓▓▓▓▓▓▓▓▓▓▓▓▓▓▓▓▓▓▓▓▓▓▓▓

There were no monsters in sight!

Vanquished Creatures
  A centaur warrior (D)
  A catoblepas (D)
  A manticore (D)
  A shadow (D)
  A yak (D)
  A basilisk (D)
  2 acid dragons (D)
  A black bear (D)
  3 centaurs (D)
  A scorpion (D)
  A killer bee (D)
  A hound (D)
  An ufetubus (D)
  2 giant cockroaches (D)
  A jackal (D)
  A kobold (D)
  A bat (D)
  A frilled lizard (D)
22 creatures vanquished.

Notes
Turn   | Place    | Note
-------+----------+-------------------------------------------
     0 | D        | mhtbhm the Gargoyle Fighter began the quest for the Orb.
     0 | D        | Reached XP level 1. HP: 14/14 MP: 1/1
    24 | D        | Noticed a scorpion
    24 | D        | Noticed a black bear
    24 | D        | Noticed a hound
    34 | D        | Killed a scorpion
    35 | D        | Reached skill level 5 in Fighting
    35 | D        | Reached skill level 3 in Maces & Flails
    35 | D        | Reached skill level 5 in Armour
    35 | D        | Reached skill level 5 in Shields
    35 | D        | Reached XP level 2. HP: 21/21 MP: 2/2
    35 | D        | Reached XP level 3. HP: 26/26 MP: 3/3
    35 | D        | Reached XP level 4. HP: 31/31 MP: 4/4
    39 | D        | Killed a black bear
    40 | D        | Reached skill level 5 in Maces & Flails
    40 | D        | Reached XP level 5. HP: 37/37 MP: 5/5
    44 | D        | Reached skill level 1 in Dodging
    53 | D        | Found a snail-covered altar of Cheibriados.
    53 | D        | Found a shadowy altar of Dithmenos.
    53 | D        | Found a white marble altar of Elyvilon.
    53 | D        | Found a blossoming altar of Fedhas.
    53 | D        | Found an opulent altar of Gozag.
    54 | D        | Found a hazy altar of Hepliaklqana.
    55 | D        | Found a viscous altar of Jiyva.
    56 | D        | Found an ancient bone altar of Kikubaaqudgha.
    57 | D        | Found a corrupted altar of Lugonu.
    58 | D        | Found a burning altar of Makhleb.
    59 | D        | Found a sparkling altar of Nemelex Xobeh.
    60 | D        | Found an iron altar of Okawaru.
    61 | D        | Found a stormy altar of Qazlal.
    62 | D        | Found a sacrificial altar of Ru.
    63 | D        | Found a shimmering blue altar of Sif Muna.
    64 | D        | Found a bloodstained altar of Trog.
    65 | D        | Found a hide-covered altar of Uskayaw.
    66 | D        | Found a radiant altar of Vehumet.
    67 | D        | Found an ornate altar of the Wu Jian Council.
    68 | D        | Became a worshipper of Warmaster Okawaru
    69 | D        | Found a shimmering altar of Xom.
    70 | D        | Found a basalt altar of Yredelemnul.
    71 | D        | Found a glowing silver altar of Zin.
    72 | D        | Found a glowing golden altar of the Shining One.
   122 | D        | Noticed a shadow
   122 | D        | Noticed a centaur
   122 | D        | Noticed a centaur
   122 | D        | Noticed a centaur
   122 | D        | Noticed a yak
   126 | D        | Killed a shadow
   127 | D        | Reached skill level 6 in Maces & Flails
   127 | D        | Reached XP level 6. HP: 44/44 MP: 6/6
   130 | D        | Reached skill level 7 in Maces & Flails
   130 | D        | Reached XP level 7. HP: 50/50 MP: 7/7
   132 | D        | Reached * piety under Okawaru
   150 | D        | Killed a yak
   151 | D        | Reached skill level 8 in Maces & Flails
   301 | D        | Noticed a catoblepas
   301 | D        | Noticed a basilisk
   301 | D        | Noticed a centaur warrior
   301 | D        | Noticed a manticore
   314 | D        | Killed a basilisk
   314 | D        | Reached ** piety under Okawaru
   315 | D        | Reached skill level 9 in Maces & Flails
   315 | D        | Reached XP level 8. HP: 48/56 MP: 8/10
   318 | D        | Killed a catoblepas
   318 | D        | Reached *** piety under Okawaru
   319 | D        | Reached skill level 10 in Maces & Flails
   319 | D        | Reached skill level 10 in Armour
   319 | D        | Reached skill level 5 in Invocations
   319 | D        | Reached skill level 1 in Evocations
   329 | D        | Reached XP level 9. HP: 44/62 MP: 9/13
   339 | D        | Killed a centaur warrior
   339 | D        | Reached **** piety under Okawaru
   340 | D        | Reached skill level 10 in Fighting
   340 | D        | Reached skill level 11 in Maces & Flails
   340 | D        | Reached skill level 1 in Stealth
   340 | D        | Reached skill level 10 in Shields
   345 | D        | Killed a manticore
   346 | D        | Reached skill level 12 in Maces & Flails
   346 | D        | HP: 3/62 [barbs]
   347 | D        | Succumbed to barbed spike wounds

Illustrated notes

Levels and vault maps discovered:
D:        linesprint [early_d, line_temple, items_1, d_10, items_2, lair_1,
          lair_end, items_3, orc_1, orc_end, items_4, d_15, swamp_1, shoals_1,
          snake_1, spider_1, d_20, vaults_1, items_5, swamp_end, shoals_end,
          snake_end, spider_end, vaults_end, d_27, items_6, zot_1, zot_end,
          crypt_end, forest_end, elf_end, slime_end, tomb_end, abyss_end,
          pan_hell_end]

Skill      XL: |  1  2  3  4  5  6  7  8  9 |
---------------+----------------------------+-----
Fighting       | 5 6 7 8 9 10 | 10.3
Maces & Flails | 3 5 6 7 9 10 12 | 12.2
Armour         | 5 6 8 9 10 | 10.9
Shields        | 5 6 8 9 10 | 10.1
Dodging        | 1 3 4 |  4.5
Invocations    | 3 5 7 |  7.5
Evocations     | 1 2 |  2.2
Stealth        | 2 |  2.1

Action                   |  1- 3 |  4- 6 |  7- 9 || total
-------------------------+-------+-------+-------++-------
Melee: Flail             |    22 |    12 |       ||    34
       Morningstar       |       |     6 |    53 ||    59
Evoke: Wand              |       |       |     5 ||     5
  Use: Potion            |     2 |       |     3 ||     5
 Stab: Petrifying        |       |       |     1 ||     1
       Petrified         |       |       |     1 ||     1
Armor: Scale mail        |    13 |    17 |    38 ||    68
Dodge: Dodged            |     8 |    14 |    24 ||    46
Block: Buckler           |     5 |     5 |    11 ||    21

Table legend: (Time is in decaauts)
 A = Elapsed time spent in this place.
 B = Non-inter-level travel time spent in this place.
 C = Inter-level travel time spent in this place.
 D = Time resting spent in this place.
 E = Time spent auto-exploring this place.
 F = Levels seen in this place.
 G = Mean time per level.
                   A        B        C        D        E       F      G
               +--------+--------+--------+--------+--------+-----+--------+
         Total |    354 |    354 |      0 |    140 |      3 |   1 |  354.0 |
       Dungeon |    354 |    354 |      0 |    140 |      3 |   1 |  354.0 |
               +--------+--------+--------+--------+--------+-----+--------+

Top non-repeatable levels by time:
       D: 354 daAuts
